 Dungeon Crawl Stone Soup version 0.30-a0-1043-g60ff8d5f49 (webtiles) character file.

Game seed: 1679455764503324155

38 BlueFish the Stinger (level 3, -4/22 HPs)
             Began as an Octopode Venom Mage on Apr 9, 2023.
             Killed from afar by Terence (9 damage)
             ... with a bolt of light
             ... on level 2 of the Dungeon.
             The game lasted 00:02:39 (1802 turns).

BlueFish the Stinger (Octopode Venom Mage)          Turns: 1802, Time: 00:02:39

Health: -4/22      AC:  1    Str:  9    XL:     3   Next: 43%
Magic:  0/6        EV: 13    Int: 17    God:
Gold:   47         SH:  0    Dex: 12    Spells: 3/6 levels left

rFire   . . .      SeeInvis .    (no weapon)
rCold   . . .      Faith    .    (no shield)
rNeg    + . .      Spirit   .    (helmet restricted)
rPois   .          Reflect  .    (no amulet)
rElec   .          Rampage  .    c - ring of positive energy
rCorr   .                        (no ring)
Will    .....                    (no ring)
Stlth   ++                       (no ring)
HPRegen 0.23/turn                (no ring)
MPRegen 0.10/turn                (no ring)
                                 (no ring)
                                 (no ring)

@: confused, very slightly contaminated
A: almost no armour, amphibious, 8 rings, camouflage 1, gelatinous body 1,
(nimble swimmer 1), tentacles
a: no special abilities


You were on level 2 of the Dungeon.
You visited 1 branch of the dungeon, and saw 2 of its levels.

You collected 47 gold pieces.

Inventory:

Missiles
 b - 35 stones
 d - 5 boomerangs
 e - 4 poisoned darts
Jewellery
 c - a ring of positive energy (left tentacle)
 h - an amulet of guardian spirit
Scrolls
 f - a scroll of identify {unknown}
 g - a scroll of blinking {unknown}
Potions
 a - a potion of magic


   Skills:
 + Level 0.9 Fighting
 + Level 2.2 Dodging
 * Level 3.0 Stealth
 + Level 0.9 Unarmed Combat
 + Level 2.3 Spellcasting
 + Level 1.5 Transmutations
 * Level 3.9 Poison Magic


You had 3 spell levels left.
You knew the following spells:

 Your Spells              Type           Power      Damage    Failure   Level
a - Sting                 Tmut/Pois      44%        1d5       6%          1
b - Poisonous Vapours     Pois/Air       16%        N/A       13%         2

Your spell library contained the following spells:

 Spells                   Type           Power      Damage    Failure   Level
 Mephitic Cloud           Conj/Pois/Air  6%         N/A       32%         3
 Vhi's Electric Charge    Tloc/Air       2%         N/A       50%         3
 Olgreb's Toxic Radiance  Pois           15%        N/A       36%         4
 Arcjolt                  Conj/Air       0%         1d10      99%         5
 Plasma Beam              Fire/Air       0%         2x1d11    100%        6


Dungeon Overview and Level Annotations

Branches:
Dungeon (2/15)

Altars:
Zin

Annotations:
D:2 Terence


Innate Abilities, Weirdness & Mutations

You cannot wear most types of armour.
You are amphibious.
You can wear up to eight rings at the same time.
Your skin changes colour to match your surroundings (Stealth+).
Your rubbery body absorbs attacks. (AC +1, EV +1)
((You are camouflaged when in or above water. (Stealth+)))
You have tentacles for arms and can constrict up to eight enemies at once.


Message History

Aim: a kobold, wielding a +0 dagger (asleep, 100% to hit)
The sting hits the kobold.
The kobold is poisoned.
The kobold is severely wounded.
The kobold shouts!
You kill the kobold!
Things that are here:
a +0 dagger; a kobold corpse
Found a glowing silver altar of Zin.
Found a stone staircase leading down.
Terence the Incautious comes into view.
He is wielding a +0 flail and carrying a wand of light (12).
Casting: Sting (safe; 6% risk of failure)
Confirm with . or Enter, or press ? or * to list all spells.
Aiming: Poisonous Vapours (safe; 13% risk of failure)
Press: ? - help, Dir - move target, f - Terence
Aim: Terence, wielding a +0 flail, wearing a +0 ring mail and carrying a wand of light (12) (asleep) Poisonous vapours surround Terence!
Terence is poisoned.
Terence shouts!
Terence zaps a wand.
The bolt of light hits you!!
Ouch! That really hurt!
* * * LOW HITPOINT WARNING * * *
Okay, then.
Okay, then.
You aren't carrying any items that you can evoke.
Casting: Poisonous Vapours (safe; 13% risk of failure)
Confirm with . or Enter, or press ? or * to list all spells.
Aiming: Poisonous Vapours (safe; 13% risk of failure)
Press: ? - help, Dir - move target, f/p - Terence
Aim: Terence, wielding a +0 flail, wearing a +0 ring mail and carrying a wand of light (11) (moderately wounded, poisoned) Poisonous vapours surround Terence!
Terence looks even sicker.
Terence zaps a wand.
The bolt of light misses you.
Casting: Poisonous Vapours (safe; 13% risk of failure)
Confirm with . or Enter, or press ? or * to list all spells.
Aiming: Poisonous Vapours (safe; 13% risk of failure)
Press: ? - help, Dir - move target, f/p - Terence
Aim: Terence, wielding a +0 flail, wearing a +0 ring mail and carrying a wand of light (10) (lightly wounded, very poisoned)
You miscast Poisonous Vapours.
You are very lightly contaminated with residual magic.
Nothing appears to happen.
Terence zaps a wand.
The bolt of light hits you!
You are confused.
You die...

#...................
#..........#.....###
##.._..@..#.#........
#......# .#.#....#...
#....@.# ............
#.##.#.# ..#....#.#.
#....# # . #........
####.# #....#.## #@#
#....#.## #.#
#....#.#. #.#
#..###.#. ######.#
#......#. #....).#
##.###... ###.####
#....#... #.#
#..#.#... #.#
#..#.#... #.#
....#.###+


You could see Terence (very poisoned).

Vanquished Creatures
  A dart slug (D:1)
  5 ball pythons
  5 endoplasms
  A giant cockroach (D:2)
  4 goblins
  3 hobgoblins
  2 quokkas
  5 bats
  4 kobolds
  3 rats
33 creatures vanquished.

Notes
Turn   | Place    | Note
-------+----------+-------------------------------------------
     0 | D:1      | BlueFish the Octopode Venom Mage began the quest for the
                  | Orb.
     0 | D:1      | Reached XP level 1. HP: 11/11 MP: 3/3
   101 | D:1      | Reached XP level 2. HP: 11/18 MP: 0/5
   893 | D:2      | Reached XP level 3. HP: 17/22 MP: 4/6
   896 | D:2      | Learned a level 2 spell: Poisonous Vapours
  1790 | D:2      | Found a glowing silver altar of Zin.
  1795 | D:2      | Noticed Terence
  1802 | D:2      | Killed from afar by Terence

Illustrated notes

Levels and vault maps discovered:
D:1:      eino_arrival_druids_welcome, layout_rooms, serial_corexii_hall,
          corexii_hall_statues_l, corexii_hall_statues_t, minmay_door_square,
          hangedman_decor_riveting
D:2:      layout_basic, basic_altar, uniq_terence

Skill      XL: |  1  2 |
---------------+-------+-----
Stealth        | 3 |  3.0
Fighting       | |  0.9
Dodging        | |  2.2
Unarmed Combat | |  0.9
Spellcasting   | |  2.3
Transmutations | |  1.5
Poison Magic   | |  3.9

Action                     || total
---------------------------++-------
  Melee: Unarmed           ||    44
         Tentacles         ||    11
         Constrict         ||    10
   Cast: Sting             ||    27
         Poisonous Vapours ||     2
   Stab: Sleeping          ||     2
 Armour: Skin              ||     4
  Dodge: Dodged            ||    20

Table legend: (Time is in decaauts)
 A = Elapsed time spent in this place.
 B = Non-inter-level travel time spent in this place.
 C = Inter-level travel time spent in this place.
 D = Time resting spent in this place.
 E = Time spent auto-exploring this place.
 F = Levels seen in this place.
 G = Mean time per level.
                   A        B        C        D        E       F      G
               +--------+--------+--------+--------+--------+-----+--------+
         Total |   1800 |   1777 |     23 |      0 |   1525 |   2 |  900.0 |
       Dungeon |   1800 |   1777 |     23 |      0 |   1525 |   2 |  900.0 |
               +--------+--------+--------+--------+--------+-----+--------+

Top non-repeatable levels by time:
     D:2: 978 daAuts
     D:1: 822 daAuts
